Map: [TLMC15] Berlingrad

Players

Rogue

  • Race: Zerg Zerg

Elazer - Winner!

  • Race: Zerg Zerg

Event: DreamHack SC2 Masters Last Chance 2022

VOD

Have the link to the VOD?

Description

Time

  • Played on: Jan. 11, 2022, 8:17 a.m.
  • Length: 5:48

All games in this series

Show
View Real Time Build Order
Export as new Build Order

Rogue Zerg 

Build Orders: Pool First 

Get SALT Encoding   

  12  0:00  Drone  
  13  0:12  Overlord  
  13  0:17  Drone  
  14  0:31  Drone x2  
  14  0:34  Drone  
  17  0:45  Extractor  
  17  0:46  Drone  
  17  0:49  Spawning Pool  
  16  0:56  Drone  
  17  1:07  Drone  
  18  1:17  Hatchery  
  17  1:25  Drone  
  18  1:36  Zergling x2, Queen  
  21  1:42  Drone  
  21  1:46  Metabolic Boost  
  22  1:52  Overlord  
  22  2:11  Drone x2  
  22  2:12  Queen  
  26  2:23  Zergling x2  
  26  2:27  Roach Warren  
  26  2:30  Zergling x2  
  26  2:35  Zergling x2  
  28  2:41  Zergling x2  
  28  2:44  Zergling x6  
  31  2:48  Overlord  
  32  2:53  Overlord  
  32  3:04  Overlord  
  32  3:22  Roach  
  32  3:23  Roach x3  
  39  3:27  Roach  
  39  3:28  Roach  
  39  3:33  Roach  
  43  3:38  Roach  
  44  3:45  Zergling x4  
  46  3:49  Zergling x2  
  46  3:50  Zergling x2  
  46  3:52  Zergling x2  
  49  4:00  Zergling x6  
  52  4:06  Zergling x2  
  52  4:08  Zergling x2  
  54  4:11  Zergling x2  
  54  4:16  Ravager x2  
  57  4:20  Zergling x4  
  46  4:32  Zergling x4  
  46  4:34  Zergling x4  
  46  4:40  Zergling x2  
  46  4:44  Zergling x2  
  47  4:48  Zergling x2  
  47  4:51  Zergling x2  
  46  4:56  Zergling x2  
  46  4:58  Ravager  
  40  5:01  Zergling x2  
  40  5:05  Zergling x2  
  26  5:12  Zergling x4  
  28  5:19  Roach  
  30  5:28  Roach  
  32  5:33  Drone  
Show
View Real Time Build Order
Export as new Build Order

Elazer Zerg - Winner!

Build Orders: Hatch First 

Get SALT Encoding   

  12  0:00  Drone  
  13  0:12  Overlord  
  13  0:17  Drone  
  14  0:30  Drone x2  
  16  0:47  Hatchery  
  15  0:51  Drone  
  15  0:54  Drone  
  17  0:57  Drone  
  18  1:08  Extractor  
  17  1:12  Spawning Pool  
  17  1:16  Drone  
  17  1:19  Drone  
  18  1:30  Drone  
  19  1:39  Drone  
  20  1:50  Drone  
  21  1:59  Queen x2  
  21  2:00  Zergling x2  
  21  2:01  Overlord  
  26  2:08  Metabolic Boost  
  26  2:11  Drone x2  
  28  2:23  Drone x2  
  30  2:31  Drone  
  31  2:38  Hatchery  
  31  2:39  Drone  
  31  2:44  Overlord  
  31  2:46  Drone  
  32  2:54  Drone  
  32  2:55  Drone  
  35  3:05  Zergling x4  
  35  3:07  Zergling x10  
  35  3:12  Spine Crawler  
  40  3:13  Zergling x2  
  41  3:22  Baneling Nest  
  40  3:30  Zergling x8  
  40  3:40  Zergling x8  
  43  3:49  Overlord  
  43  3:50  Zergling x6  
  43  3:55  Zergling x4  
  48  4:03  Overlord  
  48  4:05  Baneling x2  
  48  4:07  Zergling x2  
  48  4:08  Zergling x2  
  50  4:12  Zergling x4  
  52  4:17  Zergling x8  
  55  4:28  Zergling x10  
  54  4:35  Zergling x4  
  51  4:40  Zergling x2  
  51  4:45  Zergling x4  
  51  4:52  Zergling x4  
  48  4:53  Queen  
  43  5:00  Zergling x2  
  43  5:04  Zergling x2, Queen  
  43  5:15  Zergling x2  
  43  5:17  Zergling x2  
  45  5:22  Hatchery  
  45  5:23  Baneling x2  
  45  5:26  Zergling x2  
  45  5:27  Zergling x2  
  46  5:31  Baneling x2  

Tags
 
Add a new tag
Caveats
  • Supply blocks, unpowered buildings, or Contaminate may cause inaccurate times.
  • Supply counts are checked every 10 seconds.